 Dungeon Crawl Stone Soup version 0.28-a0-206-gc2c9e32840 (webtiles) character file.

Game seed: 13670646404123242064

235 tatocazan the Sneak (level 6, -3/41 HPs)
             Began as an Octopode Brigand on Aug 20, 2021.
             Slain by a hound (6 damage)
             ... on level 5 of the Dungeon.
             The game lasted 00:05:39 (3469 turns).

tatocazan the Sneak (Octopode Brigand)              Turns: 3469, Time: 00:05:40

Health: -3/41      AC:  1    Str:  7 (10) XL:     6   Next: 6%
Magic:  6/6        EV: 13    Int: 11 (14) God:
Gold:   215        SH:  0    Dex: 12 (15) Spells: 5/5 levels left

rFire   . . .      SeeInvis .   a - +2 dagger
rCold   + . .      Faith    .   (no shield)
rNeg    . . .      Spirit   .   (helmet restricted)
rPois   .          Reflect  .   (no amulet)
rElec   .          Harm     .   g - ring of wizardry
rCorr   .          Rampage  .   i - ring of protection from cold
Will    .....                   (no ring)
Stlth   ++++......              (no ring)
HPRegen 0.13/turn               (no ring)
MPRegen 0.10/turn               (no ring)
                                (no ring)
                                (no ring)

@: weak-willed, very slightly contaminated, invisible
A: almost no armour, amphibious, 8 rings, camouflage 1, gelatinous body 1,
(nimble swimmer 1), tentacles
a: no special abilities


You were on level 5 of the Dungeon.
You visited 1 branch of the dungeon, and saw 5 of its levels.

You collected 215 gold pieces.

Inventory:

Hand Weapons
 a - a +2 dagger (weapon)
 h - a +2 rapier of draining
Missiles
 p - 8 poisoned darts (quivered)
Jewellery
 g - a ring of wizardry (left tentacle)
 i - a ring of protection from cold (right tentacle)
Wands
 b - a wand of polymorph (7)
Scrolls
 j - a scroll of magic mapping
 l - a scroll of fog {unknown}
 m - a scroll of amnesia {unknown}
 n - a scroll of silence {unknown}
 o - a scroll of enchant armour


   Skills:
 + Level 2.8 Fighting
 * Level 3.6 Short Blades
 + Level 2.7 Throwing
 + Level 2.2 Dodging
 * Level 7.1 Stealth


You had 5 spell levels left.
You didn't know any spells.
Your spell library was empty.

Dungeon Overview and Level Annotations

Branches:
Dungeon (5/15)
 Temple: D:4-7

Altars:
Elyvilon
Okawaru
Trog
Vehumet

Shops:
D:1 (


Innate Abilities, Weirdness & Mutations

You cannot wear most types of armour.
You are amphibious.
You can wear up to eight rings at the same time.
Your skin changes colour to match your surroundings (Stealth+).
Your rubbery body absorbs attacks. (AC +1, EV +1)
((You are camouflaged near water. (Stealth+)))
You have tentacles for arms and can constrict up to eight enemies at once.


Message History

As you read the scroll labelled QUNYCVAISA, it crumbles to dust.
You feel strangely unstable.
It was a scroll of teleportation.
The adder bites you.
* * * LOW HITPOINT WARNING * * *
The adder bites you.
* * * LOW HITPOINT WARNING * * *
You are poisoned.
The adder poisons you!
You take 3 damage, and have 9/41 hp.
You feel sick.
You take 1 damage, and have 8/41 hp.
You feel sick.
You take 1 damage, and have 7/41 hp.
Your surroundings suddenly seem different.
You feel sick.
You take 1 damage, and have 6/41 hp.
You feel sick.
You take 1 damage, and have 5/41 hp.
A hound comes into view.
You feel sick.
You are no longer poisoned.
The hound barks!
The hound completely misses you.
Found 19 stones.
You take 1 damage, and have 4/41 hp.
It was a potion of degeneration.
There was something very wrong with that liquid.
You feel weakened.
You feel dopey.
You feel clumsy. The hound barely misses you. The hound bites you.
* * * LOW HITPOINT WARNING * * *
You take 2 damage, and have 2/41 hp.
It was a potion of invisibility.
You fade into invisibility!
The hound completely misses you.
You are very lightly contaminated with residual magic.
You hit the hound but do no damage. Your grab misses the hound.
The hound barely misses you. x2
You hit the hound. Your grab misses the hound.
The hound is lightly wounded.
The hound bites you.
You die...

******,,******
*,,,,,,,,,,,,*
*,#***,,****,* *.#
*,,* *,*
###.###*,,* *,*
#..##.#*,,****,*
#.##.(**,,,,,,,****
#.#.#***,,,,,,,,,,,
##@#**********>****
#h##,**,,,,,,,,*
#.*,*,********,****
#.,**,* *,,,,,
##**,** ****** *_**
***


You could see a hound.

Vanquished Creatures
  A scorpion (D:2)
  Jessica (D:3)
  2 iguanas (D:3)
  2 adders
  3 worms
  3 dart slugs
  2 orcs (D:3)
  7 bats
  9 endoplasms
  2 giant cockroaches
  4 goblins
  5 hobgoblins
  6 jackals (D:1)
  5 kobolds
  A quokka (D:2)
  6 ball pythons
  8 frilled lizards
  2 rats (D:2)
69 creatures vanquished.

Notes
Turn   | Place    | Note
-------+----------+-------------------------------------------
     0 | D:1      | tatocazan the Octopode Brigand began the quest for the Orb.
     0 | D:1      | Reached XP level 1. HP: 14/14 MP: 1/1
    80 | D:1      | Reached XP level 2. HP: 19/19 MP: 2/2
   102 | D:1      | Found Depull's Antique Weapon Boutique.
   325 | D:1      | Reached XP level 3. HP: 21/24 MP: 3/3
   426 | D:1      | Reached skill level 6 in Stealth
  1086 | D:2      | Noticed a scorpion
  1091 | D:2      | Killed a scorpion
  1092 | D:2      | Reached XP level 4. HP: 30/30 MP: 4/4
  1655 | D:3      | Reached XP level 5. HP: 35/35 MP: 5/5
  1832 | D:3      | Found a faded altar of an unknown god.
  2175 | D:3      | Noticed Jessica
  2187 | D:3      | Killed Jessica
  2326 | D:3      | Found a white marble altar of Elyvilon.
  2602 | D:4      | Found a bloodstained altar of Trog.
  2617 | D:4      | Noticed a black bear
  2736 | D:3      | Reached skill level 7 in Stealth
  3249 | D:3      | Reached XP level 6. HP: 37/41 MP: 6/6
  3387 | D:5      | Entered Level 5 of the Dungeon
  3389 | D:5      | Noticed a sky beast
  3416 | D:5      | Found a radiant altar of Vehumet.
  3436 | D:5      | Found an iron altar of Okawaru.
  3466 | D:5      | HP: 2/41 [hound (2)]
  3469 | D:5      | Slain by a hound

Illustrated notes

Levels and vault maps discovered:
D:1:      psy_arrival_radial01, layout_rooms, serial_shops, shop
D:2:      kennysheep_six_static_rooms, layout_basic, st_stairs_12
D:3:      layout_loops_corners, elyvilon_altar_3, basic_ecumenical_altar,
          uniq_jessica
D:4:      cheibrodos_greedy_goblins, layout_cave_pools,
          gammafunk_temple_overflow_wave,
          mainiacjoe_overflow_concentric_impassable, minmay_surrounded
D:5:      layout_loops_ring, marbit_many_paths,
          mainiacjoe_overflow_large_starburst, wad_rectangle_vault,
          uniq_prince_ribbit1

Skill      XL: |  1  2  3  4  5 |
---------------+----------------+-----
Stealth        | 6 7 |  7.1
Short Blades   | 3 |  3.6
Dodging        | 2 |  2.2
Fighting       | |  2.8
Throwing       | |  2.7

Action                   |  1- 3 |  4- 6 || total
-------------------------+-------+-------++-------
Melee: Dagger            |    49 |    60 ||   109
       Constrict         |     7 |    15 ||    22
       Tentacles         |     7 |    12 ||    19
Throw: Dart              |     5 |    23 ||    28
  Use: Scroll            |       |     4 ||     4
       Potion            |       |     4 ||     4
 Stab: Sleeping          |    20 |    18 ||    38
       Distracted        |       |     1 ||     1
Armor: Skin              |     7 |     3 ||    10
Dodge: Dodged            |    20 |    36 ||    56

Table legend: (Time is in decaauts)
 A = Elapsed time spent in this place.
 B = Non-inter-level travel time spent in this place.
 C = Inter-level travel time spent in this place.
 D = Time resting spent in this place.
 E = Time spent auto-exploring this place.
 F = Levels seen in this place.
 G = Mean time per level.
                   A        B        C        D        E       F      G
               +--------+--------+--------+--------+--------+-----+--------+
         Total |   3454 |   3266 |    188 |    980 |   1746 |   5 |  690.8 |
       Dungeon |   3454 |   3266 |    188 |    980 |   1746 |   5 |  690.8 |
               +--------+--------+--------+--------+--------+-----+--------+

Top non-repeatable levels by time:
     D:3: 1698 daAuts
     D:1: 948 daAuts
     D:2: 676 daAuts
     D:5: 80 daAuts
     D:4: 50 daAuts
